 Dungeon Crawl Stone Soup version 0.17.1-3-g152610e (webtiles) character file.

389 Shtopit the Chucker (level 6, -4/61 HPs)
             Began as an Ogre Hunter on Apr 26, 2016.
             Slain by an orc
             ... wielding a +0 hand axe
              (7 damage)
             ... on level 4 of the Dungeon.
             The game lasted 00:09:53 (3713 turns).

Shtopit the Chucker (Ogre Hunter)                   Turns: 3713, Time: 00:09:53

Health: -4/61      AC:  3    Str: 16    XL:     6   Next: 79%
Magic:  6/6        EV:  6    Int: 10    God:
Gold:   185        SH:  0    Dex: 10    Spells: 0 memorised, 5 levels left

rFire  . . .     SeeInvis +     C - +9 falchion "Qouqayn" {freeze, rC+ Str-4 SInv Stlth+}
rCold  + . .     Clarity  .     b - +0 robe
rNeg   . . .     SustAt   .     (no shield)
rPois  .         Gourm    .     (helmet restricted)
rElec  .         Spirit   .     (no cloak)
rCorr  .         Warding  .     (gloves unavailable)
rMut   .         Stasis   .     (boots unavailable)
MR     .....                    (no amulet)
Stlth  ++........               (no ring)
                                (no ring)

@: not resistant to hostile enchantments, unstealthy
A: unfitting armour, tough skin 1
a: no special abilities


You were on level 4 of the Dungeon.
You were not hungry.

You visited 1 branch of the dungeon, and saw 4 of its levels.

You collected 185 gold pieces.

Inventory:

Hand Weapons
 a - a +0 short sword
 v - a +0 club
 x - a +0 mace
 A - a +0 flail
 C - the +9 falchion "Qouqayn" (weapon) {freeze, rC+ Str-4 SInv Stlth+}
   (You found it on level 4 of the Dungeon)

   It has been specially enchanted to freeze those struck by it, causing extra
   injury to most foes and up to half again as much damage against particularly
   susceptible opponents.
   It can also slow down cold-blooded creatures.
   It affects your strength (-4).
   It protects you from cold.
   It lets you see invisible.
   It makes you more stealthy.
Missiles
 d - 2 throwing nets (quivered)
 f - 124 stones
Armour
 b - a +0 robe (worn)
Jewellery
 s - an uncursed ring of protection from cold {unknown}
Wands
 p - a wand of digging (17)
Scrolls
 i - 3 scrolls of identify {unknown}
 l - 3 scrolls of remove curse {unknown}
 n - 3 scrolls of fear {unknown}
 q - a scroll of enchant weapon {unknown}
 y - a scroll of enchant armour {unknown}
Potions
 g - a potion of might {unknown}
 h - 2 potions of curing {unknown}
 k - a potion of haste {unknown}
 m - a potion of beneficial mutation {unknown}
 o - a potion of lignification {unknown}
 t - 2 potions of degeneration {unknown}
 w - a potion of berserk rage {unknown}
 z - a potion of poison {unknown}
 B - a potion of heal wounds {unknown}
Comestibles
 e - 4 bread rations
 j - a meat ration
 r - a royal jelly
 u - 3 chunks of flesh


   Skills:
 + Level 3.5 Fighting
 - Level 0.5 Short Blades
 + Level 0.2(0.4) Long Blades
 - Level 2.0 Maces & Flails
 + Level 5.9 Throwing
 + Level 4.0 Dodging
 + Level 1.2 Stealth


You had 5 spell levels left.
You didn't know any spells.

Dungeon Overview and Level Annotations

Branches:
Dungeon (4/15)
 Temple: D:4-7

Altars:
Dithmenos
Kikubaaqudgha
Trog
The Shining One


Innate Abilities, Weirdness & Mutations

You are too large for most types of armour.
You have tough skin (AC +1).


Message History

The orc wizard is severely wounded.
The orc wizard looks braver for a moment.
The orc wizard hits you with a dagger.
* * * LOW HITPOINT WARNING * * *
The orc misses you.
You hit the orc wizard. You freeze the orc wizard.
The orc wizard is almost dead.
The orc wizard hits you but does no damage.
The orc closely misses you.
You hit the orc wizard. You freeze the orc wizard.
You kill the orc wizard!
Your Dodging skill increases to level 4!
The orc hits you with a flail.
* * * LOW HITPOINT WARNING * * *
The orc hits you with a hand axe.
* * * LOW HITPOINT WARNING * * *
Found a scroll labeled YJAPTI WOOHI ULI.
There is a stone staircase leading up here.
The orc hits you with a hand axe!
You die...

<>. .. ...#.. ....
.# # ####...... ..
#.....#..# ...#
#.##..##.# ...?
#.###.##.# #
#..#.oo..)..####.#
#...@####[..#....#
#.#### #.(...### #
##......#####
##..(##.#...#
#....(#.#.#.#
#.#...#<..(.#
#.#...#.#.###
#.#.....#...
#.#...#.#####


You could see 2 orcs.

Vanquished Creatures
  Sigmund (D:2)
  An orc priest (D:4)
  An iguana (D:4)
  An orc wizard (D:4)
  A worker ant (D:4)
  4 adders (D:3)
  4 worms
  2 giant geckos
  6 orcs (D:3)
  11 bats
  5 giant cockroaches
  5 hobgoblins
  3 giant newts
  6 goblins
  7 jackals
  10 kobolds
  5 rats
73 creatures vanquished.

Notes
Turn   | Place    | Note
--------------------------------------------------------------
     0 | D:1      | Shtopit the Ogre Hunter began the quest for the Orb.
     0 | D:1      | Reached XP level 1. HP: 22/22 MP: 1/1
   202 | D:1      | Reached XP level 2. HP: 29/29 MP: 2/2
   343 | D:1      | You fall through a shaft!
   531 | D:2      | Reached XP level 3. HP: 36/36 MP: 3/3
   544 | D:2      | Found a bloodstained altar of Trog.
   627 | D:2      | Found a glowing golden altar of the Shining One.
   844 | D:2      | Noticed Sigmund
   847 | D:2      | Killed Sigmund
   847 | D:2      | Reached skill level 5 in Throwing
   847 | D:2      | Reached XP level 4. HP: 43/45 MP: 4/4
   847 | D:2      | Reached XP level 5. HP: 50/53 MP: 5/5
  2005 | D:3      | Reached skill level 1 in Stealth
  2074 | D:3      | Reached XP level 6. HP: 57/61 MP: 6/6
  2083 | D:3      | Found a shadowy altar of Dithmenos.
  2525 | D:3      | Found an ancient bone altar of Kikubaaqudgha.
  2529 | D:3      | Reached skill level 1 in Maces & Flails
  3570 | D:4      | Got a crystal falchion
  3571 | D:4      | Identified the +9 falchion "Qouqayn" {freeze, rC+ Str-4 SInv Stlth+} (You found it on level 4 of the Dungeon)
  3709 | D:4      | HP: 2/61 [orc/hand axe (2)]
  3713 | D:4      | Slain by an orc

Action                   |  1- 3 |  4- 6 || total
-------------------------+-------+-------++-------
Melee: Short sword       |    55 |    45 ||   100
       Club              |       |    19 ||    19
       Mace              |       |    69 ||    69
       Falchion          |       |    21 ||    21
       Flail             |       |    18 ||    18
Throw: Large rock        |    27 |    28 ||    55
       Throwing net      |     1 |     1 ||     2
 Stab: Sleeping          |       |     1 ||     1
  Eat: Chunk             |       |     9 ||     9
